 Dungeon Crawl Stone Soup version 0.26.0-45-g9c1d065592 (webtiles) character file.

Game seed: 12989200906943152364

(classic levelgen) 1353 thiole the Covert (level 8, -1/55 (57) HPs)
             Began as an Octopode Delver on Jan 29, 2021.
             Slain by a wight
             ... wielding a cursed +4 short sword
              (12 damage)
             ... on level 6 of the Dungeon.
             The game lasted 00:14:44 (7748 turns).

thiole the Covert (Octopode Delver)                 Turns: 7748, Time: 00:14:45

HP:   -1/55 (57)    AC:  1    Str: 11    XL:     8   Next: 63%
MP:   8/8           EV: 13    Int: 14    God:
Gold: 288           SH:  0    Dex: 14    Spells: 7/7 levels left

rFire    . . .     SeeInvis +   n - +2 dagger (venom)
rCold    . . .     Faith    .   (no shield)
rNeg     . . .     Spirit   .   (helmet restricted)
rPois    .         Reflect  .   (no amulet)
rElec    .         Harm     .   g - ring of see invisible
rCorr    .         Rampage  .   (no ring)
Will     .....                  (no ring)
Stlth    +++++.....             (no ring)
HPRegen  0.18/turn              (no ring)
MPRegen  0.11/turn              (no ring)
                                (no ring)
                                (no ring)

@: lightly drained
A: almost no armour, stealthy swim, amphibious, 8 rings, constrict 8, camouflage
1, gelatinous body 1
a: no special abilities


You were on level 6 of the Dungeon.
You visited 1 branch of the dungeon, and saw 6 of its levels.

You collected 288 gold pieces.

Inventory:

Hand Weapons
 a - a +0 short sword
 d - a +2 flail of protection
 n - a +2 dagger of venom (weapon)
Missiles
 m - 5 atropa-tipped darts
Jewellery
 g - a ring of see invisible (left tentacle)
 k - an uncursed ring of willpower {unknown}
 l - an uncursed ring of stealth {unknown}
 r - an uncursed ring of fire {unknown}
 y - an uncursed ring of protection from cold {unknown}
Wands
 f - a wand of digging (7)
Scrolls
 b - 2 scrolls of fog
 c - a scroll of magic mapping
 i - a scroll of remove curse {unknown}
 j - 5 scrolls of identify {unknown}
 p - 3 scrolls of teleportation {unknown}
 q - 2 scrolls of amnesia {unknown}
 s - 2 scrolls of immolation {unknown}
 t - 4 scrolls of blinking {unknown}
 u - a scroll of fear
Potions
 e - 3 potions of berserk rage {unknown}
 h - a potion of flight {unknown}
 o - 4 potions of degeneration {unknown}
 v - a potion of magic {unknown}
 w - a potion of brilliance {unknown}
 x - 2 potions of haste


   Skills:
 - Level 6.0 Fighting
 + Level 7.4 Short Blades
 - Level 2.0 Dodging
 - Level 10.0 Stealth


You had 7 spell levels left.
You didn't know any spells.
Your spell library contained the following spells:

 Spells                   Type           Power        Failure   Level
 Pain                     Necr           0%           28%         1


Dungeon Overview and Level Annotations

Branches:
Dungeon (6/15)
 Temple: D:4-7

Altars:
Elyvilon
Kikubaaqudgha
Makhleb
Sif Muna
Vehumet
Xom

Shops:
D:4 !


Innate Abilities, Weirdness & Mutations

You cannot wear most types of armour.
You are very stealthy in the water. (Stealth+)
You are amphibious.
You can wear up to eight rings at the same time.
You can use your tentacles to constrict eight enemies at once.
Your skin changes colour to match your surroundings (Stealth+).
Your rubbery body absorbs attacks. (AC +1, EV +1)


Message History

You constrict the wight.
You destroy the wight!
Your life force feels restored.
You hit the wight. Your grab misses the wight.
The wight is moderately damaged.
You hit the wight but do no damage. Your grab misses the wight.
Your squeeze misses the wight.
The wight is moderately damaged.
The wight misses you.
You hit the wight. You grab the wight.
The wight is moderately damaged.
You constrict the wight, but do no damage.
The wight hits you with a cursed +4 short sword!
* * * LOW HITPOINT WARNING * * *
You feel drained.
* * * LOW HITPOINT WARNING * * *
You release your grip on the wight.
There is a stone staircase leading up here.
The wight hits you with a cursed +4 short sword!
You die...

#.. >.# ... #.#
# #.# # #. #)#
#.#.##z#######
.##....z.).....#
.......@#.####.#
c######...#
###.# #.# ...
#... ##... ....
.....


You could see a centaur (asleep) and 2 wights.

Vanquished Creatures
  Grinder (D:3)
  Edmund (D:5)
  A centaur (D:5)
  2 bullfrogs
  3 scorpions (D:5)
  3 wights (D:6)
  A bullfrog zombie (D:5)
  4 orc priests
  A jelly (D:4)
  An iguana (D:5)
  4 worker ants
  2 orc wizards (D:4)
  Robin (D:3)
  7 adders
  2 shadow imps (D:5)
  An ooze (D:3)
  An adder skeleton (D:4)
  2 worms (D:2)
  5 dart slugs
  3 leopard geckos
  12 orcs
  3 giant cockroaches
  13 goblins
  20 hobgoblins
  3 jackals (D:3)
  8 kobolds
  A quokka (D:2)
  4 ball pythons
  11 bats
  5 frilled lizards
  A leopard gecko skeleton (D:4)
  A quokka skeleton (D:4)
  7 rats
135 creatures vanquished.

Notes
Turn   | Place    | Note
-------+----------+-------------------------------------------
     0 | D:5      | thiole the Octopode Delver began the quest for the Orb.
     0 | D:5      | Reached XP level 1. HP: 16/16 MP: 1/1
    56 | D:5      | Reached skill level 7 in Stealth
    56 | D:5      | Reached XP level 2. HP: 21/21 MP: 2/2
    71 | D:5      | Noticed a scorpion
   643 | D:5      | Noticed a scorpion
   662 | D:5      | Killed a scorpion
   663 | D:5      | Reached XP level 3. HP: 27/27 MP: 3/3
   663 | D:5      | Reached XP level 4. HP: 34/34 MP: 4/4
   668 | D:5      | Reached skill level 5 in Fighting
   702 | D:5      | Noticed Edmund
   713 | D:4      | Found a shimmering altar of Xom.
   713 | D:4      | Found a burning altar of Makhleb.
   716 | D:4      | Found a white marble altar of Elyvilon.
   734 | D:4      | Reached XP level 5. HP: 4/39 MP: 5/5
  1119 | D:5      | Killed Edmund
  1120 | D:5      | Reached XP level 6. HP: 6/46 MP: 6/6
  1524 | D:5      | Reached skill level 8 in Stealth
  2286 | D:5      | Reached XP level 7. HP: 52/52 MP: 7/7
  2981 | D:5      | Reached skill level 5 in Short Blades
  3850 | D:4      | Found Imifasuc's Distillery.
  4379 | D:4      | Found a shimmering blue altar of Sif Muna.
  4630 | D:3      | Noticed Robin
  4697 | D:3      | Killed Robin
  4902 | D:3      | Reached XP level 8. HP: 57/57 MP: 8/8
  4988 | D:3      | Reached skill level 9 in Stealth
  5007 | D:3      | Noticed Grinder
  5027 | D:3      | Killed Grinder
  5028 | D:3      | Reached skill level 10 in Stealth
  5342 | D:3      | Found a radiant altar of Vehumet.
  5350 | D:3      | Found an ancient bone altar of Kikubaaqudgha.
  5351 | D:3      | Found a shimmering blue altar of Sif Muna.
  5356 | D:3      | Identified Kikubaaqudgha's Catalogue of Evil
  7748 | D:6      | Slain by a wight

Illustrated notes

Levels and vault maps discovered:
D:1:      dpeg_arrival_tiny_h, layout_basic
D:2:      minmay_chambers_of_twos, layout_loops_corners
D:3:      layout_basic, grunt_temple_overflow_magic_moments, item_on_display_a,
          uniq_robin, uniq_grinder
D:4:      layout_basic, nicolae_overflow_hidden_temple, serial_shops,
          nicolae_shop_crystal, kennysheep_nondescript, tgw_sif
D:5:      layout_layer_cave, grunt_ministairs_3, uniq_edmund
D:6:      layout_loops_cross, enter_ossuary_1, uniq_duvessa, uniq_blork_the_orc

Skill      XL: |  1  2  3  4  5  6  7  8 |
---------------+-------------------------+-----
Stealth        | 7 8 10 | 10.0
Fighting       | 4 5 6 |  6.0
Short Blades   | 4 6 7 |  7.4
Dodging        | |  2.0

Action                   |  1- 3 |  4- 6 |  7- 9 || total
-------------------------+-------+-------+-------++-------
Melee: Short sword       |    10 |    35 |    69 ||   114
       Tentacles         |     2 |    11 |    40 ||    53
       Constrict         |     2 |     4 |    55 ||    61
       Dagger            |       |       |   185 ||   185
Throw: Dart              |       |       |     9 ||     9
  Use: Scroll            |       |     1 |       ||     1
       Potion            |       |     1 |       ||     1
 Stab: Sleeping          |     2 |     4 |    39 ||    45
       Distracted        |       |       |     2 ||     2
Armor: Skin              |       |     1 |    11 ||    12
Dodge: Dodged            |     2 |    17 |    87 ||   106
